 Dungeon Crawl Stone Soup version bcrawl-1.36.3 (webtiles) character file.

Game seed: 6501122089993188967

128716 zxcvbn the Slasher (level 6, -1/47 HPs)
             Began as a Barachi Sloth Apostle on June 3, 2022.
             Was a Believer of Cheibriados.
             Slain by an ufetubus (4 damage)
             ... summoned by Eustachio
             ... on level 4 of the Dungeon.
             The game lasted 00:28:33 (3953 turns).

zxcvbn the Slasher (Barachi Sloth Apostle)          Turns: 3953, Time: 00:28:33

Health: -1/47      AC:  6    Str: 19    XL:     6   Next: 14%
Magic:  4/7        EV:  6    Int: 18    God:    Cheibriados [**....]
Gold:   241        SH: 11    Dex: 17    Spells: 6/7 levels left

rFire    . . .     SeeInvis .   a - +0 falchion
rCold    . . .     Gourm    .   c - +0 medium shield
rNeg     . . .     Faith    .   n - +0 scale mail
rPois    .         Spirit   .   l - +0 hat
rElec    .         Reflect  .   (no cloak)
rCorr    .         Clarity  +   (no gloves)
MR       .....                  (no boots)
Stlth    +.........             (no amulet)
HPRegen  0.15/turn              (no ring)
MPRegen  0.10/turn              (no ring)

@: can't hop, very slow
A: +LOS, swims, slowness 1, strong legs 1
a: Hop, Bend Time, Defer, Renounce Religion


You were on level 4 of the Dungeon.
You worshipped Cheibriados.
Cheibriados was pleased with you.
You were hungry.

You visited 1 branch of the dungeon, and saw 4 of its levels.

You collected 241 gold pieces.

Inventory:

Hand Weapons
 a - a +0 falchion (weapon)
 f - a +0 hunting sling
 i - a +0 falchion
Missiles
 h - 85 poisoned needles
 j - 823 sling bullets (quivered)
 p - 549 stones
Armour
 b - a +0 robe
 c - a +0 medium shield (worn)
 l - a +0 hat (worn)
 n - a +0 scale mail (worn)
Jewellery
 o - a +4 ring of evasion {unknown}
 s - a cursed -3 ring of intelligence {unknown}
Wands
 d - a wand of paralysis (6)
Scrolls
 g - 2 scrolls of fog {unknown}
 q - 2 scrolls of amnesia
 u - a scroll of fear {unknown}
Potions
 k - 2 potions of might {unknown}
 m - 2 potions of curing {unknown}
 r - 2 potions of degeneration {unknown}
 t - a potion of agility {unknown}
Comestibles
 e - 6 rations {!d}


   Skills:
 + Level 3.2 Fighting
 + Level 3.9 Long Blades
 + Level 0.5 Slings
 + Level 3.3 Armour
 + Level 2.0 Dodging
 + Level 3.8 Stealth
 + Level 3.0 Shields
 + Level 1.1 Spellcasting
 + Level 2.3 Hexes
 + Level 1.1 Evocations


You had 6 spell levels left.
You knew the following spells:

 Your Spells              Type           Power        Failure   Level  Hunger
a - Slow                  Hex            #.......     98%         1    None
Your spell library was empty.

Dungeon Overview and Level Annotations

Branches:
Dungeon (4/12)
 Temple: D:4-7

Altars:

Annotations:
D:4 Eustachio


Innate Abilities, Weirdness & Mutations

You can see and be seen from farther away.
You can swim through water.
You cover ground slowly.
You can hop short distances.


Message History

You block Eustachio's attack. The iron imp hits you!
* * * LOW HITPOINT WARNING * * *
You slash Eustachio!
Eustachio is heavily wounded.
The ufetubus hits you but does no damage.
The ufetubus barely misses you. Eustachio hits you but does no damage.
The ufetubus hits you.
* * * LOW HITPOINT WARNING * * *
You block the ufetubus's attack. The shadow imp hits you.
* * * LOW HITPOINT WARNING * * *
That item cannot be evoked!
Evoke which item? (* to show all) (? for menu, Esc to quit)
Okay, then.
As you read the scroll labeled CALURI WYMUGOS, it crumbles to dust.
It is a scroll of amnesia.
Okay, then.
The iron imp hits you.
* * * LOW HITPOINT WARNING * * *
The ufetubus hits you.
You die...

...... #.......
#....... #......
#.... #########...
#.........#
#.......5.#
#......@5r#
#......5@b#
#########.# #....#
#..5## #....#
######..## #+
#...##...#########
...
#.................


You could see Eustachio, an iron imp, a shadow imp, an ufetubus, a bat and a
rat.

Vanquished Creatures
  A scorpion (D:4)
  A crimson imp (D:3)
  2 hounds
  3 adders (D:3)
  2 worms (D:3)
  A dart slug (D:3)
  7 leopard geckos
  An orc (D:3)
  2 ball pythons (D:2)
  2 giant cockroaches (D:2)
  2 goblins (D:1)
  7 hobgoblins
  11 jackals (D:3)
  3 quokkas
  7 bats
  8 frilled lizards
  8 kobolds
  A quokka skeleton (D:4)
  2 rats
71 creatures vanquished.

Notes
Turn   | Place    | Note
-------+----------+-------------------------------------------
     0 | D:1      | zxcvbn the Barachi Sloth Apostle began the quest for the
                  | Orb.
     0 | D:1      | Reached XP level 1. HP: 17/17 MP: 2/2
   422 | D:1      | Reached XP level 2. HP: 23/23 MP: 3/3
  1528 | D:2      | Reached XP level 3. HP: 28/28 MP: 4/4
  1540 | D:2      | Reached * piety under Cheibriados
  2307 | D:3      | Reached skill level 1 in Armour
  2307 | D:3      | Reached skill level 1 in Dodging
  2307 | D:3      | Reached XP level 4. HP: 5/35 MP: 2/5
  2641 | D:3      | Reached XP level 5. HP: 27/41 MP: 6/6
  2897 | D:3      | Reached ** piety under Cheibriados
  3678 | D:4      | HP: 2/41 [hound (1)]
  3685 | D:4      | Reached XP level 6. HP: 1/47 MP: 4/7
  3907 | D:4      | Noticed Eustachio
  3953 | D:4      | Slain by an ufetubus

Skill      XL: |  1  2  3  4  5  6 |
---------------+-------------------+-----
Fighting       | 3 |  3.2
Armour         | 1 2 3 |  3.3
Dodging        | 1 2 |  2.0
Long Blades    | 3 |  3.9
Shields        | 3 |  3.0
Slings         | |  0.5
Stealth        | |  3.8
Spellcasting   | |  1.1
Hexes          | |  2.3
Evocations     | |  1.1

Action                   |  1- 3 |  4- 6 || total
-------------------------+-------+-------++-------
Melee: Falchion          |   172 |   209 ||   381
 Fire: Hunting sling     |    21 |       ||    21
Invok: Bend Time         |     1 |     3 ||     4
 Abil: Hop               |       |     1 ||     1
Evoke: Wand              |     3 |     1 ||     4
  Use: Scroll            |       |     1 ||     1
 Stab: Paralysed         |     6 |     1 ||     7
       Sleeping          |     1 |     1 ||     2
  Eat: Chunk             |     7 |    10 ||    17
       Ration            |     1 |       ||     1
Armor: Robe              |    13 |       ||    13
       Scale mail        |    50 |    95 ||   145
Dodge: Dodged            |    38 |    42 ||    80
Block: Medium shield     |    64 |   129 ||   193
